 Dungeon Crawl Stone Soup version 0.29.1-2-gbd0b4ee654 (webtiles) character file.

Game seed: 5534134627101443472

870 Gabide the Shooter (level 8, 0/74 HPs)
             Began as a Naga Hunter on Nov 21, 2022.
             Slain by a centaur (3 damage)
             ... on level 5 of the Dungeon.
             The game lasted 00:09:33 (4732 turns).

Gabide the Shooter (Naga Hunter)                    Turns: 4732, Time: 00:09:34

Health: 0/74       AC:  6    Str: 14    XL:     8   Next: 3%
Magic:  17/17      EV: 11    Int: 10    God:
Gold:   146        SH:  0    Dex: 16    Spells: 7/7 levels left

rFire   . . .      SeeInvis +   a - +1 shortbow (chaos)
rCold   . . .      Faith    .   (shield currently unavailable)
rNeg    . . .      Spirit   .   c - +0 leather armour
rPois   +          Reflect  .   (no helmet)
rElec   .          Harm     .   u - +0 cloak
rCorr   .          Rampage  .   x - +0 pair of gloves
Will    +....                   (no barding)
Stlth   ++........              (no amulet)
HPRegen 0.22/turn               l - ring of willpower
MPRegen 0.15/turn               r - ring of magical power

@: about to teleport, weak-willed, very slow
A: AC +2, large, see invisible, deformed body, poison resistance, slowness 2,
spit poison 1, naga tail 1
a: Spit Poison


You were on level 5 of the Dungeon.
You visited 1 branch of the dungeon, and saw 5 of its levels.
You also visited: Sewer.

You collected 146 gold pieces.

Inventory:

Hand Weapons
 a - a +1 shortbow of chaos (weapon)
 k - a +1 mace of distortion
Armour
 c - a +0 leather armour (worn)
 u - a +0 cloak (worn)
 x - a +0 pair of gloves (worn)
Jewellery
 l - a ring of willpower (left hand)
 m - an amulet of faith
 r - a ring of magical power (right hand)
Scrolls
 b - 3 scrolls of immolation
 g - a scroll of vulnerability
 w - a scroll of acquirement {unknown}
Potions
 d - a potion of curing
 e - 2 potions of berserk rage
 f - 2 potions of heal wounds
 h - a potion of degeneration {unknown}
 n - a potion of haste {unknown}
 o - 2 potions of mutation
 q - a potion of resistance {unknown}
 s - a potion of brilliance {unknown}
 t - a potion of invisibility {unknown}


   Skills:
 + Level 5.3 Fighting
 + Level 5.9 Ranged Weapons
 + Level 4.4 Dodging
 - Level 1.5 Stealth


You had 7 spell levels left.
You didn't know any spells.
Your spell library contained the following spells:

 Spells                   Type           Power      Damage    Failure   Level
 Scorch                   Fire           0%         2d5       58%         2
 Flame Wave               Conj/Fire      0%         2d4       99%         4
 Summon Cactus Giant      Summ           0%         N/A       100%        6


Dungeon Overview and Level Annotations

Branches:
Dungeon (5/15)              Sewer (visited)
 Temple: D:4-7

Altars:
Ashenzari
Zin


Innate Abilities, Weirdness & Mutations

Your serpentine skin is tough. (AC +2)
You have supernaturally acute eyesight. (SInv)
Armour fits poorly on your strangely shaped body.
Your system is resistant to poisons. (rPois)
You cover ground very slowly.
You can spit poison.
You have a snake-like lower body.


Message History

Unknown command.
Unknown command.
Unknown command.
Press: ? - help, v - describe, . - travel
Here: an ogre, wielding a +0 giant spiked club The floor.
Unknown command.
As you read the scroll labelled BEOLE GEWOLAJ, it crumbles to dust.
Magic quickly surges around you.
It was a scroll of vulnerability.
The centaur barely misses you. The centaur kicks you.
Okay, then.
Unknown command.
Unknown command.
Unknown command.
Okay, then.
Unknown command.
As you read the scroll labelled CECUISSUCAM, it crumbles to dust.
It is a scroll of enchant weapon.
Your +0 shortbow glows red for a moment.
The centaur hits you.
* * * LOW HITPOINT WARNING * * *
The centaur barely misses you. The centaur completely misses you.
The centaur kicks you but does no damage.
As you read the scroll labelled SOUNOL QIZXO, it crumbles to dust.
It is a scroll of brand weapon.
Your +1 shortbow erupts in a glittering mayhem of colour.
a - a +1 shortbow of chaos (weapon)
The centaur hits you.
* * * LOW HITPOINT WARNING * * *
The centaur closely misses you.
As you read the scroll labelled UBO YHECULO, it crumbles to dust.
You feel strangely unstable.
It was a scroll of teleportation.
You have got your breath back.
The centaur hits you.
* * * LOW HITPOINT WARNING * * *
The centaur kicks you but does no damage.
The ogre hits you with a +0 giant spiked club!
* * * LOW HITPOINT WARNING * * *
The centaur barely misses you. The centaur kicks you.
You die...

..............)..#
...).........##.........
.............# .##......
.............# .# #....(
......#......# .# ......
......##.###....##......
......##.# #......).....
.......#.# #.####O......
.......... #.##.@)).....
.......... #.....c.#....
..........##.#....## ~
.......#.>...#....#
.#.....# #.......##
.....>.# #..##...#
.#.....# #..##...#
.......# #..##...#
.#.....# ##.##...#


You could see an ogre (weak-willed) and a centaur (weak-willed).

Vanquished Creatures
  An ice beast (D:5)
  2 ogres (D:5)
  2 kobold brigands (Sewer)
  A necrophage (D:5)
  A scorpion (D:5)
  2 hounds (D:5)
  An orc priest (D:3)
  An orc wizard (D:3)
  3 gnolls (D:5)
  3 adders (D:2)
  A river rat (D:3)
  A white imp (D:4)
  8 worms
  5 dart slugs
  10 orcs
  13 ball pythons
  8 bats
  8 endoplasms
  3 giant cockroaches
  6 goblins
  3 hobgoblins
  12 jackals
  3 quokkas
  6 frilled lizards
  21 kobolds
  12 rats
137 creatures vanquished.

Vanquished Creatures (others)
  6 fungi (D:2)
  25 plants
31 creatures vanquished.

Grand Total: 168 creatures vanquished

Notes
Turn   | Place    | Note
-------+----------+-------------------------------------------
     0 | D:1      | Gabide the Naga Hunter began the quest for the Orb.
     0 | D:1      | Reached XP level 1. HP: 19/19 MP: 1/1
   227 | D:1      | Reached XP level 2. HP: 26/26 MP: 2/2
   495 | D:1      | Reached XP level 3. HP: 33/33 MP: 3/3
  1053 | D:2      | Reached XP level 4. HP: 40/40 MP: 4/4
  1675 | D:2      | Found a faded altar of an unknown god.
  1934 | D:3      | Found a broken altar of Ashenzari.
  1982 | D:3      | Reached XP level 5. HP: 49/49 MP: 5/5
  2038 | D:3      | Found a glowing drain.
  2062 | Sewer    | Entered a sewer
  2086 | Sewer    | Noticed a kobold brigand
  2086 | Sewer    | Noticed a kobold brigand
  2100 | Sewer    | Killed a kobold brigand
  2106 | Sewer    | Killed a kobold brigand
  2107 | Sewer    | Reached XP level 6. HP: 8/57 MP: 6/6
  2915 | D:3      | Reached skill level 5 in Ranged Weapons
  3611 | D:4      | Found a glowing silver altar of Zin.
  4190 | D:5      | Entered Level 5 of the Dungeon
  4197 | D:5      | Reached XP level 7. HP: 46/66 MP: 7/7
  4566 | D:5      | Reached skill level 5 in Fighting
  4712 | D:5      | Reached XP level 8. HP: 71/74 MP: 8/8
  4732 | D:5      | HP: 3/74 [ogre/+0 giant spiked club (15)]
  4732 | D:5      | Slain by a centaur

Illustrated notes

Levels and vault maps discovered:
D:1:      spicycebolla_green_bress_n_ham_2, layout_basic
D:2:      layout_basic, dreamdust_ecumenical_altar_hidden_monk_grotto,
          minmay_misc_feat_enclosed, grunt_decor_junction,
          kennysheep_generic_room_7
D:3:      layout_loops_ring, ashenzari_conservatory_becter, portal_sewer_entry_c
D:4:      layout_cave_pools, kennysheep_mini, serial_forest,
          infiniplex_forest_end_3, infiniplex_forest_lined_3,
          infiniplex_forest_straight_4, infiniplex_forest_clump_diagonal,
          infiniplex_forest_straight_3, infiniplex_forest_fountain,
          infiniplex_forest_clump_C, kennysheep_boxes
D:5:      cheibrodos_helix_gallery, layout_rooms,
          minmay_temple_entry_statues_fountains, st_stairs_10

Skill      XL: |  1  2  3  4  5  6  7 |
---------------+----------------------+-----
Dodging        | 2 3 4 |  4.4
Ranged Weapons | 4 5 |  5.9
Fighting       | 3 4 5 |  5.3
Stealth        | |  1.5

Action                   |  1- 3 |  4- 6 |  7- 9 || total
-------------------------+-------+-------+-------++-------
 Fire: Shortbow          |    75 |   206 |    53 ||   334
Throw: Dart              |       |       |     3 ||     3
 Abil: Spit Poison       |    16 |    47 |    14 ||    77
  Use: Scroll            |       |     5 |     4 ||     9
       Potion            |       |     1 |       ||     1
Armor: Leather armour    |     7 |    40 |    39 ||    86
Dodge: Dodged            |    25 |    69 |    62 ||   156
